 Dungeon Crawl Stone Soup version 0.27-a0-1532-gca18f49f40 (webtiles) character file.

Game seed: 7424172294528316868

512375 Spaninq the Hoplite (level 25, 0/240 HPs)
             Began as a Hill Orc Delver on July 12, 2021.
             Was the Champion of Beogh.
             Slain by a fire dragon (6 damage)
             ... on level 2 of the Realm of Zot.
             The game lasted 05:57:57 (56833 turns).

Spaninq the Hoplite (Hill Orc Delver)              Turns: 56833, Time: 05:57:58

Health: 0/240      AC: 33    Str: 30    XL:     25   Next: 12%
Magic:  26/26      EV: 17    Int:  7    God:    Beogh [******]
Gold:   8033       SH: 36    Dex: 16    Spells: 24/24 levels left

rFire    + . .     SeeInvis .   S - +9 broad axe (elec)
rCold    + . .     Faith    .   Y - +4 tower shield of Recklessness {rElec rPois rF+ Dex+4}
rNeg     . . .     Spirit   .   r - +8 chain mail of Loakymitz {rC+ Regen+ Int-3}
rPois    +         Reflect  +   (helmet restricted)
rElec    +         Harm     .   q - +1 cloak
rCorr    .         Rampage  .   Q - +1 pair of gloves {Str+3}
Will     +++..                  m - +2 pair of boots
Stlth    ..........             J - amulet of reflection
HPRegen  1.50/turn              A - ring of willpower
MPRegen  0.20/turn              t - ring of willpower

@: lethally poisoned (0 -> 0), about to teleport
A: walk on water, horns 1, talons 1, screaming 1
}: 3/15 runes: serpentine, barnacled, silver
a: Renounce Religion, Smiting, Recall Orcish Followers, Give Item to Named
Follower, Resurrection


You were on level 2 of the Realm of Zot.
You worshipped Beogh.
Beogh was exalted by your worship.
You visited 8 branches of the dungeon, and saw 43 of its levels.
You visited the Abyss 1 time.
You also visited: Bailey and Volcano.

You collected 9920 gold pieces.
You spent 1887 gold pieces at shops.

Inventory:

Hand Weapons
 d - the +7 broad axe of Fortitude {vorpal, rPois rC++ Will-}
   (You acquired it on level 13 of the Dungeon)

   It inflicts extra damage upon your enemies.
   rC:        It greatly protects you from cold.
   rPois:     It protects you from poison.
   Will:      It decreases your willpower.
 h - the +8 war axe "Astorphye" {vorpal, rN+ Dex+2 SInv}
   (You bought it in a shop on level 2 of the Dungeon)

   It inflicts extra damage upon your enemies.
   Dex:       It affects your dexterity (+2).
   rN:        It protects you from negative energy.
   SInv:      It lets you see invisible.
 S - a +9 broad axe of electrocution (weapon)
Missiles
 E - 3 atropa-tipped darts (quivered)
Armour
 l - a +3 plate armour of fire resistance
 m - a +2 pair of boots (worn)
 q - a +1 cloak (worn)
 r - the +8 chain mail of Loakymitz (worn) {rC+ Regen+ Int-3}
   (You took it off a hobgoblin on level 3 of the Dungeon)

   Int:       It affects your intelligence (-3).
   rC:        It protects you from cold.
   Regen:     It increases your rate of health regeneration.
 z - a +2 helmet
 Q - a +1 pair of gloves of strength (worn)
 Y - the +4 tower shield of Recklessness (worn) {rElec rPois rF+ Dex+4}
   (You acquired it on level 15 of the Dungeon)

   Dex:       It affects your dexterity (+4).
   rF:        It protects you from fire.
   rElec:     It insulates you from electricity.
   rPois:     It protects you from poison.
Jewellery
 k - a ring of protection from fire
 p - a +6 ring of dexterity
 t - a ring of willpower (right hand)
 y - a ring of see invisible
 A - a ring of willpower (left hand)
 C - the ring "Obidagy" {rC+ Int+2}
   (You took it off a merfolk javelineer on level 4 of the Shoals)

   [ring of protection from cold]

   Int:       It affects your intelligence (+2).
   rC:        It protects you from cold.
 G - a ring of ice
 J - an amulet of reflection (around neck)
 N - a ring of protection from fire
 O - a ring of resist corrosion
 Z - a ring of poison resistance
Wands
 g - a wand of digging (11)
 i - a wand of acid (36)
 B - a wand of charming (12)
 D - a wand of iceblast (66)
 H - a wand of paralysis (45)
 U - a wand of mindburst (42)
Scrolls
 c - 5 scrolls of fog
 e - 12 scrolls of fear
 f - a scroll of holy word
 n - 2 scrolls of summoning
 w - 6 scrolls of enchant armour
 F - 19 scrolls of identify
 I - 2 scrolls of silence
 K - 3 scrolls of blinking
 L - 11 scrolls of teleportation
 T - a scroll of brand weapon
 X - 6 scrolls of magic mapping
Potions
 a - 2 potions of ambrosia
 b - 8 potions of invisibility
 j - 6 potions of heal wounds
 o - 11 potions of mutation
 s - 3 potions of berserk rage
 u - 4 potions of attraction
 v - 20 potions of curing
 x - 12 potions of flight
 M - a potion of cancellation
 R - a potion of resistance
 V - 9 potions of haste
 W - 8 potions of might
Miscellaneous
 P - a condenser vane


   Skills:
 + Level 22.9 Fighting
 * Level 18.9 Axes
 + Level 21.1 Armour
 + Level 14.8 Dodging
 - Level 4.1 Stealth
 - Level 25.0 Shields
 - Level 4.0 Invocations


You had 24 spell levels left.
You didn't know any spells.
Your spell library contained the following spells:

 Spells                   Type           Power      Damage    Failure   Level
 Apportation              Tloc           0%         N/A       75%         1
 Foxfire                  Conj/Fire      0%         2x1d4     75%         1
 Freeze                   Ice            0%         1d3       75%         1
 Sting                    Tmut/Pois      0%         1d3       75%         1
 Blink                    Tloc           N/A        N/A       87%         2
 Poisonous Vapours        Pois/Air       0%         N/A       87%         2
 Static Discharge         Conj/Air       0%         N/A       87%         2
 Sublimation of Blood     Necr           0%         N/A       87%         2
 Wereblood                Tmut           0%         N/A       87%         2
 Conjure Flame            Conj/Fire      0%         6-21      98%         3
 Dazzling Flash           Conj/Hex       0%         N/A       98%         3
 Frozen Ramparts          Ice            0%         1d2       98%         3
 Gell's Gravitas          Tloc           0%         N/A       98%         3
 Ignite Poison            Fire/Tmut/Pois 0%         N/A       98%         3
 Inner Flame              Hex/Fire       0%         N/A       98%         3
 Mephitic Cloud           Conj/Pois/Air  0%         N/A       98%         3
 Ozocubu's Armour         Ice            0%         N/A       98%         3
 Summon Guardian Golem    Hex/Summ       0%         N/A       98%         3
 Teleport Other           Tloc           0%         N/A       98%         3
 Airstrike                Air            0%         N/A       100%        4
 Cause Fear               Hex            0%         N/A       100%        4
 Dispel Undead            Necr           0%         3d6       100%        4
 Hailstorm                Conj/Ice       0%         3d3       100%        4
 Ice Form                 Ice/Tmut       0%         N/A       100%        4
 Iskenderun's Mystic Bla  Conj/Tloc      0%         2d3       100%        4
 Olgreb's Toxic Radiance  Pois           0%         N/A       100%        4
 Sticky Flame             Conj/Fire      0%         2d3       100%        4
 Summon Ice Beast         Ice/Summ       0%         N/A       100%        4
 Summon Lightning Spire   Summ/Air       0%         N/A       100%        4
 Alistair's Intoxication  Tmut/Pois      0%         N/A       100%        5
 Blade Hands              Tmut           0%         N/A       100%        5
 Bolt of Magma            Conj/Fire/Erth 0%         4d4       100%        5
 Borgnjor's Vile Clutch   Necr/Erth      0%         N/A       100%        5
 Freezing Cloud           Conj/Ice/Air   0%         6-21      100%        5
 Irradiate                Conj/Tmut      0%         3d13      100%        5
 Lightning Bolt           Conj/Air       0%         1d11      100%        5
 Manifold Assault         Tloc           0%         N/A       100%        5
 Metabolic Englaciation   Hex/Ice        0%         N/A       100%        5
 Summon Mana Viper        Hex/Summ       0%         N/A       100%        5
 Dispersal                Tloc           0%         N/A       100%        6
 Eringya's Noxious Bog    Tmut/Pois      0%         N/A       100%        6
 Invisibility             Hex            0%         N/A       100%        6
 Simulacrum               Ice/Necr       0%         N/A       100%        6
 Starburst                Conj/Fire      0%         8x6d3     100%        6
 Dragon Form              Tmut           0%         N/A       100%        7
 Monstrous Menagerie      Summ           0%         N/A       100%        7
 Orb of Destruction       Conj           0%         N/A       100%        7
 Spellforged Servitor     Conj/Summ      0%         N/A       100%        7
 Storm Form               Tmut/Air       0%         N/A       100%        7
 Summon Hydra             Summ           0%         N/A       100%        7
 Disjunction              Tloc           0%         N/A       100%        8
 Maxwell's Capacitive Co  Air            0%         ∞         100%        8
 Chain Lightning          Conj/Air       0%         N/A       100%        9
 Dragon's Call            Summ           0%         N/A       100%        9
 Fire Storm               Conj/Fire      0%         5d1       100%        9


Dungeon Overview and Level Annotations

Branches:
Dungeon (15/15)            Temple (0/1) D:4            Lair (6/6) D:8
 Shoals (4/4) Lair:2        Snake (4/4) Lair:2        Slime (0/5) Lair:5
    Orc (2/2) D:11            Elf (0/3) Orc:2        Vaults (5/5) D:14
  Crypt (0/3) Vaults:2     Depths (5/5) D:15            Zot (2/5) Depths:5
 Bailey (visited)         Volcano (visited)

Altars:
Dithmenos
Kikubaaqudgha
Sif Muna
Trog
Vehumet
Xom
Yredelemnul
The Shining One
Beogh
Jiyva

Shops:
D:2 (   D:7 !!   D:13 *   D:15 !   Orc:2 ==:*   Shoals:3 *   Snake:1 (
Snake:2 :   Snake:3 *   Snake:4 **   Vaults:4 *!(   Depths:1 ==:   Depths:4 !

Portals:
Hell: Depths:1 Depths:2 Depths:3 Depths:4 Depths:5
Abyss: Depths:4
Pandemonium: Depths:3 Depths:4 Depths:5
Ziggurat: Depths:5

Annotations:
Lair:5 exclusion: oklob plant
Lair:6 2 transporters, Laraso's ghost, journeyman SpSu
Snake:3 4 transporters, Tamablel's ghost, adept DsBe
Vaults:4 1 runed translucent door, Lukheov's ghost, veteran DrWn
Depths:1 3 runed translucent doors, Ymeigun's ghost, adept DgFE


Innate Abilities, Weirdness & Mutations

You can walk on water.
You have a pair of small horns on your head.
You have sharp toenails.
You occasionally shout uncontrollably at your foes.


Message History

You headbutt the fire dragon.
The fire dragon is moderately wounded.
You slash the orb of fire!
You feel sick. You block the fire dragon's attack. x3
The green draconian misses you.
The green draconian hits you from afar with a +0 halberd.
* * * LOW HITPOINT WARNING * * *
You feel sick.
The green draconian hits you from afar with a +0 glaive.
* * * LOW HITPOINT WARNING * * *
The green draconian barely misses you.
Things that are here:
a +0 lajatang; a +2 cloak You feel sick.
The green draconian rages.
You feel sick.
The orb of fire glows bright magenta.
The bolt of fire hits the fire dragon!
The fire dragon resists.
The bolt of fire hits you!! You resist.
* * * LOW HITPOINT WARNING * * *
The green draconian hits you from afar with a +0 glaive.
* * * LOW HITPOINT WARNING * * *
You feel much better.
You feel sick. You block the fire dragon's attack. The fire dragon claws you!
* * * LOW HITPOINT WARNING * * *
The fire dragon closely misses you.
The orb of fire glows red.
The bolt of fire hits the fire dragon!
The fire dragon resists.
The bolt of fire hits you!! You resist.
* * * LOW HITPOINT WARNING * * *
You block the green draconian's attack.
The green draconian hits you but does no damage.
You block the fire dragon's attack.
The fire dragon claws you but does no damage.
The fire dragon tramples you but does no damage.
You feel much better.
You feel sick. You block the green draconian's attack.
The green draconian hits you from afar with a +0 halberd!!
* * * LOW HITPOINT WARNING * * *
The fire dragon bites you but does no damage.
You block the fire dragon's attack. The fire dragon tramples you.
You die...

..###...........##
###...#..###....#§≈.
##.#.#.#########.≈.
###..#####≈§#§§##≈≈..
#...## ##≈§§§§§≈≈.§. ##..##
##§≈§§§..≈≈... #...##
##≈≈≈......≈...
##...###§§≈..d).......
#.#....).[@D).)......
#.†####≈≈≈)*d))).....
##.)†# ##≈≈§......≈...
######....# ##≈≈≈....≈≈...
...##....## ..##≈≈§≈≈≈≈≈...
....##....##...#≈≈#≈§##≈§.)
.....##...#....#########§§.
......'......).#.#.....#§≈§
..>...##.....###.......##


You could see an orb of fire, 2 draconians and a fire dragon (berserk).

Vanquished Creatures
  2 ancient liches
  A dread lich (Vaults:5)
  A Killer Klown (Zot:2)
  4 caustic shrikes
  4 golden dragons
  Jorgrun (D:13)
  7 tentacled monstrosities
  5 titans (Vaults:5)
  A lich (Depths:4)
  A kraken (Shoals:3)
  3 death cobs (Zot:1)
  Polyphemus (Shoals:3)
  6 shadow dragons
  A sphinx (Vaults:2)
  3 tengu reavers
  Ilsuiw (Shoals:4)
  7 storm dragons
  A nagaraja (Snake:4)
  A fire giant (Depths:3)
  A draconian knight (Zot:1)
  5 vault wardens
  A balrug (Depths:4)
  Aizul (Snake:1)
  An iron dragon (Depths:2)
  A draconian scorcher (Depths:5)
  2 frost giants
  A ghost moth (Zot:2)
  2 orc warlords
  2 draconian annihilators
  3 ironbound preservers (Vaults:3)
  7 spriggan defenders
  15 very ugly things
  11 stone giants
  4 war gargoyles
  2 caustic shrike skeletons
  4 green draconians
  5 deep elf demonologists
  2 vampire knights (Depths:2)
  A yellow draconian (Zot:2)
  3 purple draconians
  3 red draconians
  2 white draconians (Zot:2)
  Azrael (D:13)
  4 spark wasps
  A black draconian (Zot:1)
  A deep elf annihilator (Vaults:5)
  A dire elephant (Vaults:4)
  8 merfolk javelineers
  8 yaktaur captains
  6 fire dragons
  8 ettins
  6 great orbs of eyes
  10 merfolk impalers
  An ice dragon (shapeshifter) (Vaults:5)
  Josephine (D:14)
  4 deep elf high priests
  2 boulder beetles
  A monstrous demonspawn (Depths:3)
  3 rakshasas
  3 vault guards (Vaults:5)
  A centaur warrior (Vaults:3)
  5 naga warriors
  Erolcha (Orc:2)
  2 catoblepae
  2 anacondas
  6 merfolk aquamancers
  An ironbound frostheart (Vaults:2)
  3 ice dragons
  8 spriggan air magi
  3 two-headed ogres
  2 merfolk avatars
  A two-headed ogre (shapeshifter) (Vaults:5)
  An alligator snapping turtle (Shoals:2)
  8 tengu warriors
  An anaconda (shapeshifter) (Depths:5)
  6 death yaks
  3 satyrs
  2 deep troll shamans
  6 deep troll earth magi
  2 naga sharpshooters (Snake:3)
  2 spriggan berserkers
  3 vampire magi
  An orc high priest (Orc:2)
  2 ironbound beastmasters
  8 hell knights
  2 sun demons (Depths:4)
  2 shock serpents
  5 skeletal warriors (D:11)
  A soul eater (Depths:5)
  10 iron trolls
  A salamander mystic (Snake:4)
  15 sea snakes
  2 glowing orange brains (Depths:2)
  A sixfirhy (Depths:3)
  A swamp dragon (Lair:6)
  18 wizards
  2 flayed ghosts (Depths:4)
  11 deep trolls
  2 naga ritualists
  4 ironbound convokers
  3 phantasmal warriors (Vaults:5)
  4 necromancers
  Pikel (D:8)
  20 harpies
  7 salamanders
  8 orc knights
  2 deep elf pyromancers
  A salamander (shapeshifter) (Depths:4)
  4 mana vipers
  28 ugly things
  9 manticores
  14 fauns
  4 cyclopes
  15 merfolk sirens
  4 elephants
  14 moths of wrath
  3 guardian serpents (Snake:4)
  12 vault sentinels
  15 black mambas
  7 naga magi
  3 water nymphs
  Joseph (D:8)
  Maurice (Orc:1)
  10 cane toads
  2 smoke demons
  3 molten gargoyles (Volcano)
  2 torpor snails
  An orange demon (Depths:3)
  A rime drake (Lair:6)
  2 kobold demonologists (Bailey)
  An unseen horror (D:12)
  A hellion (Depths:3)
  2 komodo dragons (Lair:2)
  4 freezing wraiths
  A yaktaur (shapeshifter) (D:14)
  2 efreet (Volcano)
  7 yaktaurs
  5 tengu conjurers
  5 polar bears (Lair:6)
  36 merfolk
  2 trolls
  9 wind drakes
  4 hornets
  A slime creature (shapeshifter) (Depths:2)
  10 dream sheep
  A dream sheep (shapeshifter) (D:15)
  5 snapping turtles
  A blink frog (Lair:5)
  11 slime creatures
  6 spriggans
  Sigmund (D:4)
  A vampire (D:10)
  2 ynoxinuls
  19 water elementals
  Eustachio (D:4)
  4 wyverns
  3 wraiths
  7 fire elementals
  A steam dragon (shapeshifter) (Vaults:5)
  6 golden eyes (Abyss:3)
  23 yaks
  A basilisk (Lair:5)
  2 small abominations (Abyss:3)
  2 steam dragons
  Grum (D:8)
  22 nagas
  Edmund (D:6)
  7 wargs
  7 vampire mosquitoes
  2 large abominations (Abyss:3)
  7 hell hounds (Lair:6)
  An acid dragon (Lair:6)
  21 water moccasins
  2 floating eyes (shapeshifter)
  9 black bears
  2 ice beasts (D:7)
  2 swamp drakes
  4 sky beasts
  18 orc warriors
  5 ogres
  3 boggarts (Vaults:1)
  A necrophage (D:7)
  3 phantoms
  14 wolves
  3 centaurs
  A centaur (shapeshifter) (Depths:2)
  4 kobold brigands
  7 bullfrogs
  7 scorpions
  3 earth elementals (Volcano)
  2 wyvern skeletons
  2 water moccasin skeletons (D:5)
  A wight (D:7)
  6 killer bees
  2 vampire bats (D:15)
  4 electric eels
  4 howler monkeys
  3 hounds
  3 gnoll shamans
  6 orc priests
  4 bullfrog skeletons
  5 iguanas
  Natasha (thrice) (D:3)
  6 orc wizards
  2 hell rats (D:7)
  A statue (D:13)
  A howler monkey zombie (D:8)
  19 gnolls
  17 adders
  5 river rats (D:7)
  A shadow imp (D:6)
  A white imp (D:5)
  An ufetubus (D:5)
  2 worms
  15 orcs
  4 bats
  A bat (shapeshifter) (Vaults:5)
  3 bat skeletons (D:15)
  3 endoplasms
  10 giant cockroaches
  10 hobgoblins
  3 jackals (D:1)
  12 kobolds
  18 quokkas
  5 ball pythons
  3 frilled lizards
  21 goblins
  21 rats
  2 fire vortices (Volcano)
  3 tentacles (Shoals:3)
1136 creatures vanquished.

Vanquished Creatures (collateral kills)
  An orb of fire (Zot:1)
  Margery (Depths:5)
  A caustic shrike (Depths:3)
  3 golden dragons
  Nikola (Depths:2)
  the Enchantress (Depths:5)
  Rupert (D:15)
  8 tentacled monstrosities
  2 liches
  A titan (Vaults:5)
  Frances (Snake:1)
  A death cob (Zot:1)
  A sphinx (Vaults:3)
  7 tengu reavers
  9 shadow dragons
  3 nagarajas (Snake:4)
  6 fire giants
  A storm dragon (Vaults:5)
  Kirke (Snake:1)
  3 draconian monks
  A draconian knight (Zot:2)
  2 frost giants
  7 vault wardens
  A draconian scorcher (Depths:5)
  An orc warlord (Vaults:3)
  2 draconian annihilators
  Louise (D:15)
  2 draconian stormcallers (Zot:1)
  A caustic shrike zombie (Depths:3)
  5 spriggan defenders
  15 very ugly things
  5 ironbound preservers
  A juggernaut skeleton (Depths:3)
  5 stone giants
  A war gargoyle (Vaults:4)
  3 green draconians
  A vampire knight (Vaults:2)
  A deep elf annihilator (Depths:2)
  2 deep elf demonologists
  2 entropy weavers
  6 black draconians
  2 white draconians
  5 dire elephants
  6 red draconians
  2 spark wasps
  3 purple draconians
  A yellow draconian (Zot:2)
  An ettin (Depths:3)
  A green death (Depths:5)
  A merfolk impaler (Shoals:1)
  2 great orbs of eyes
  2 crystal guardians (Vaults:4)
  5 fire dragons
  8 yaktaur captains
  7 hydras
  6 ironbound thunderhulks
  Fannar (D:10)
  8 naga warriors
  An ogre mage (Vaults:5)
  6 ice dragons
  2 spriggan air magi
  3 boulder beetles
  10 orc knights
  3 salamander tyrants (Snake:4)
  A monstrous demonspawn (Depths:3)
  23 vault guards (Vaults:5)
  5 ironbound frosthearts
  3 peacekeepers
  3 two-headed ogres
  15 anacondas
  2 death knights
  5 centaur warriors
  A death yak (shapeshifter) (Depths:2)
  2 death yaks (Lair:5)
  4 deep troll shamans
  9 naga sharpshooters
  3 ironbound beastmasters
  4 spriggan berserkers
  7 hell knights
  3 deep troll earth magi
  9 shock serpents
  A soul eater (Depths:3)
  5 iron trolls
  3 skeletal warriors (D:13)
  3 spriggans
  27 slime creatures
  5 naga ritualists
  A salamander mystic (Snake:4)
  24 deep trolls
  A flayed ghost (Depths:2)
  A phantasmal warrior (Vaults:2)
  5 wizards
  6 ironbound convokers
  2 harpies (Vaults:1)
  A deep elf pyromancer (D:12)
  A lindwurm (Vaults:4)
  4 mana vipers
  2 necromancers
  21 ugly things
  2 manticores
  A moth of wrath (shapeshifter) (Depths:4)
  A cyclops (D:15)
  6 salamanders
  28 elephants
  9 guardian serpents (Snake:4)
  13 naga magi
  2 moths of wrath (Zot:2)
  A water nymph (shapeshifter) (Vaults:5)
  A merfolk siren (Lair:2)
  A rust devil (Depths:3)
  26 black mambas
  9 vault sentinels
  A gargoyle (D:13)
  7 cane toads
  10 komodo dragons
  3 rime drakes
  10 yaktaurs
  A freezing wraith (D:13)
  A kobold demonologist (D:9)
  5 tengu conjurers
  A troll (shapeshifter) (Vaults:5)
  2 red devils
  4 merfolk
  A hellwing (Depths:3)
  4 polar bears (Lair:6)
  A wind drake (Shoals:2)
  3 trolls
  2 blink frogs (Lair:5)
  3 hornets
  A snapping turtle (Shoals:2)
  2 raiju (Lair:6)
  3 dream sheep (Lair:5)
  2 water elementals
  A shadow (D:12)
  A vampire (D:12)
  8 wraiths
  3 basilisks
  A fire elemental (D:13)
  2 hogs (Snake:1)
  2 wyverns (Lair:6)
  30 yaks
  40 nagas
  An acid dragon (Lair:6)
  6 wargs
  5 vampire mosquitoes
  9 hell hounds
  13 water moccasins
  12 orc warriors
  3 black bears (Lair:6)
  2 swamp drakes (Lair:6)
  3 ogres
  19 wolves
  A boggart (Vaults:1)
  2 centaurs
  A lemure (D:8)
  A kobold brigand (D:8)
  2 bullfrogs
  3 killer bees (D:9)
  8 electric eels
  A howler monkey (D:8)
  A centaur zombie (D:10)
  6 orc priests
  5 orc wizards
  A howler monkey zombie (D:9)
  2 gnolls (D:8)
  7 adders (Lair:3)
  12 orcs
  A bat skeleton (D:15)
  2 bat zombies (D:15)
  4 goblins (Bailey)
  A hobgoblin (Bailey)
  5 kobolds
  A plant (Lair:6)
811 creatures vanquished.

Vanquished Creatures (others)
  14 orc warlords
  A fire dragon (Depths:2)
  A yaktaur captain (Vaults:5)
  A great orb of eyes (Depths:2)
  23 orc knights
  3 orc high priests
  A vampire mage (Depths:2)
  2 wizards
  A necromancer (Depths:3)
  A moth of wrath (Zot:2)
  A rust devil (Depths:5)
  A hornet (Depths:3)
  A yak (Lair:6)
  A water elemental (Shoals:4)
  25 orc warriors
  A sky beast (D:6)
  15 orc priests
  16 orc wizards
  54 orcs
  An endoplasm (D:4)
  A fire vortex (Volcano)
  60 fungi
  168 plants
  5 tentacles (Shoals:3)
398 creatures vanquished.

Grand Total: 2345 creatures vanquished

Notes
Turn   | Place    | Note
-------+----------+-------------------------------------------
     0 | D:5      | Spaninq the Hill Orc Delver began the quest for the Orb.
     0 | D:5      | Reached XP level 1. HP: 19/19 MP: 1/1
    39 | D:5      | Noticed a sky beast
    70 | D:5      | Noticed an iguana
    73 | D:4      | Noticed an ogre
   136 | D:4      | Noticed an ogre
   188 | D:4      | Noticed Natasha
   631 | D:2      | Found a faded altar of an unknown god.
   703 | D:1      | Reached XP level 2. HP: 25/27 MP: 2/2
   865 | D:1      | Reached skill level 1 in Armour
  1181 | D:1      | Reached XP level 3. HP: 33/33 MP: 3/3
  1611 | D:2      | Reached skill level 1 in Shields
  1624 | D:2      | Reached XP level 4. HP: 27/40 MP: 4/4
  1937 | D:2      | Found Kuffojaq's Antique Weapon Shoppe.
  3122 | D:2      | Reached XP level 5. HP: 23/38 MP: 5/5
  3421 | D:3      | Reached skill level 5 in Axes
  3493 | D:3      | You fall into a shaft and drop 1 floor!
  3520 | D:4      | Noticed an orc warrior
  3799 | D:4      | Identified the +8 chain mail of Loakymitz {rC+ Regen+
                  | Int-3}
  3806 | D:4      | Became a worshipper of Beogh the Brigand
  3807 | D:4      | Noticed Eustachio
  3811 | D:4      | Killed an orc warrior
  3941 | D:3      | Killed an ogre
  3942 | D:3      | Reached skill level 2 in Shields
  3942 | D:3      | Reached XP level 6. HP: 35/55 MP: 6/6
  3978 | D:3      | Killed Natasha
  4696 | D:3      | Noticed Natasha
  4711 | D:3      | Killed Natasha
  4903 | D:3      | Noticed Natasha
  4911 | D:3      | Killed Natasha
  4912 | D:3      | Reached skill level 5 in Fighting
  5168 | D:4      | Found a staircase to the Ecumenical Temple.
  5500 | D:4      | Noticed Sigmund
  5612 | D:3      | Reached XP level 7. HP: 34/61 MP: 7/7
  5682 | D:2      | Found a faded altar of an unknown god.
  5755 | D:2      | Found Kuffojaq's Antique Weapon Shoppe.
  5849 | D:2      | Reached skill level 3 in Shields
  6584 | D:5      | Reached * piety under Beogh
  6585 | D:5      | Reached XP level 8. HP: 70/70 MP: 8/8
  6721 | D:5      | Reached skill level 4 in Shields
  7018 | D:4      | Killed Sigmund
  7176 | D:2      | Bought an ichor-stained war axe for 178 gold pieces
  7176 | D:2      | Identified the +8 war axe "Astorphye" {vorpal, rN+ Dex+2
                  | SInv} (You bought it in a shop on level 2 of the Dungeon)
  7251 | D:4      | Killed Eustachio
  7252 | D:4      | Reached skill level 5 in Armour
  7326 | D:6      | Reached skill level 1 in Invocations
  7328 | D:6      | Reached XP level 9. HP: 79/79 MP: 8/10
  7374 | D:6      | Found a shadowy altar of Dithmenos.
  7473 | D:6      | Reached skill level 10 in Axes
  7623 | D:6      | Noticed Edmund
  7629 | D:6      | You fall into a shaft and drop 1 floor!
  7682 | D:7      | Found Ophiwyvas's Distillery.
  7800 | D:6      | Killed Edmund
  8009 | D:7      | Reached ** piety under Beogh
  8226 | D:7      | Found Sess's Distillery.
  8359 | D:7      | Reached XP level 10. HP: 83/90 MP: 13/13
  8659 | D:7      | Reached *** piety under Beogh
  8920 | D:8      | Found a staircase to the Lair.
  8937 | D:8      | Noticed Pikel
  8939 | D:8      | Noticed Joseph
  8946 | D:8      | Killed Pikel
  8953 | D:8      | Killed Joseph
  9095 | D:8      | Noticed Grum
  9105 | D:8      | Killed Grum
  9737 | D:9      | Noticed a kobold demonologist
  9738 | D:9      | Noticed a two-headed ogre
  9743 | D:9      | Killed a kobold demonologist
  9746 | D:9      | Killed a two-headed ogre
  9898 | D:9      | Noticed a two-headed ogre
  9903 | D:9      | Killed a two-headed ogre
  9904 | D:9      | Reached XP level 11. HP: 99/99 MP: 14/14
 10039 | D:9      | Noticed a two-headed ogre
 10047 | D:9      | Reached **** piety under Beogh
 10047 | D:9      | Killed a two-headed ogre
 10096 | D:9      | Reached skill level 10 in Fighting
 10252 | D:10     | Entered Level 10 of the Dungeon
 10389 | D:10     | Noticed Fannar
 10402 | D:10     | Killed Fannar
 10441 | D:10     | Identified the +3 leather armour of Fawiyn {*Corrode rPois
                  | rC+ Slay+5}
 11001 | Lair:1   | Entered Level 1 of the Lair of Beasts
 11069 | Lair:1   | You fall into a shaft and drop 1 floor!
 11514 | Lair:1   | Reached skill level 5 in Dodging
 11767 | Lair:1   | Noticed a seven-headed hydra
 11773 | Lair:1   | Killed a ten-headed hydra
 12524 | Lair:2   | Reached skill level 15 in Axes
 12684 | Lair:2   | Found a staircase to the Shoals.
 12694 | Lair:2   | Reached XP level 12. HP: 88/108 MP: 15/15
 12746 | Lair:2   | Noticed a boulder beetle
 12758 | Lair:2   | Killed a boulder beetle
 12776 | Lair:2   | Reached skill level 5 in Shields
 12902 | Lair:2   | Found a staircase to the Snake Pit.
 13310 | Lair:3   | Reached ***** piety under Beogh
 13329 | Lair:3   | Gained Garbold as an ally
 13545 | Lair:3   | Reached skill level 10 in Armour
 13558 | Lair:3   | Reached skill level 6 in Shields
 14262 | Lair:4   | Reached XP level 13. HP: 85/118 MP: 16/16
 14299 | Lair:4   | Identified 4 scrolls of acquirement
 14299 | Lair:4   | Acquired a +6 broad axe of electrocution
 14302 | Lair:4   | Acquired 732 gold pieces
 14305 | Lair:4   | Acquired an amulet of reflection
 14307 | Lair:4   | Acquired a +2 kite shield of protection
 14601 | Lair:4   | Reached skill level 7 in Shields
 14604 | Lair:4   | Gained Hawl as an ally
 14880 | Lair:5   | You fall into a shaft and drop 1 floor!
 14880 | Lair:6   | Entered Level 6 of the Lair of Beasts
 15160 | Lair:5   | Gained Borgk as an ally
 15403 | Lair:5   | Found a staircase to the Slime Pits.
 15404 | Lair:5   | Found a viscous altar of Jiyva.
 15524 | Lair:5   | Reached skill level 8 in Shields
 15574 | Lair:5   | Reached ****** piety under Beogh
 16093 | D:11     | Found a staircase to the Orcish Mines.
 16396 | D:11     | Reached skill level 9 in Shields
 16428 | D:11     | Reached XP level 14. HP: 101/129 MP: 17/17
 17054 | Orc:1    | Entered Level 1 of the Orcish Mines
 17061 | Orc:1    | Noticed an orc warlord
 17091 | Orc:1    | Killed an orc warlord
 17244 | Orc:1    | Noticed Maurice
 17251 | Orc:1    | Killed Maurice
 17282 | Orc:1    | Found a shimmering blue altar of Sif Muna.
 17489 | Orc:2    | Entered Level 2 of the Orcish Mines
 17493 | Orc:2    | Gained Margrim as an ally
 17498 | Orc:2    | Reached skill level 10 in Shields
 17598 | Orc:2    | Noticed Erolcha
 17608 | Orc:2    | Killed Erolcha
 17660 | Orc:2    | Found a dark tunnel.
 17669 | Volcano  | Entered a volcano
 17959 | Orc:2    | Found Rausm's Book Boutique.
 17973 | Orc:2    | Found Acuhub's General Store.
 17989 | Orc:2    | Found a roughly hewn altar of Beogh.
 18052 | Orc:2    | Found Nonokawi's Jewellery Boutique.
 18066 | Orc:2    | Found Maolaisi's Jewellery Emporium.
 18157 | Orc:2    | Found a staircase to the Elven Halls.
 18937 | Lair:6   | Reached skill level 11 in Shields
 19295 | Lair:6   | Identified the +0 shortbow "Bakautru" {venom, *Slow rF+
                  | rN++ Int+2}
 19409 | Lair:6   | Reached skill level 12 in Shields
 19440 | Lair:6   | Gained Wardok as an ally
 19594 | Lair:6   | Reached XP level 15. HP: 111/139 MP: 18/18
 19598 | Lair:6   | Your ally Wardok died
 19801 | Lair:6   | Found a transporter.
 19806 | Lair:6   | Found a transporter.
 19809 | Lair:6   | Noticed Laraso's ghost (journeyman SpSu)
 19810 | Lair:6   | Found a bloodstained altar of Trog.
 19975 | Lair:6   | Gained Horkud as an ally
 20695 | D:12     | You fall into a shaft and drop 1 floor!
 20733 | D:13     | Found a radiant altar of Vehumet.
 20811 | D:13     | Found Eptorch's Mass Market.
 20976 | D:13     | Noticed Azrael
 20982 | D:13     | Killed Azrael
 20983 | D:13     | Reached skill level 13 in Shields
 20984 | D:13     | Noticed Jorgrun
 20992 | D:13     | Killed Jorgrun
 21011 | D:13     | Found a flagged portal.
 21017 | Bailey   | Entered a bailey
 21091 | Bailey   | Found an iron altar of Okawaru.
 21132 | Bailey   | Gained Arkwar as an ally
 21697 | D:13     | Acquired the +7 broad axe of Fortitude {vorpal, rPois rC++
                  | Will-}
 23124 | D:14     | Gained Bogwik as an ally
 23127 | D:14     | Reached skill level 15 in Fighting
 23144 | D:14     | Noticed Josephine
 23148 | D:14     | Your ally Margrim died
 23165 | D:14     | Killed Josephine
 23573 | D:14     | Found a gate to the Vaults.
 23912 | D:15     | Entered Level 15 of the Dungeon
 23957 | D:15     | Noticed Rupert
 23965 | D:15     | Killed Rupert
 23966 | D:15     | Reached skill level 14 in Shields
 24008 | D:15     | Found an ancient bone altar of Kikubaaqudgha.
 24017 | D:15     | Acquired the +4 tower shield of Recklessness {rElec rPois
                  | rF+ Dex+4}
 24095 | D:15     | Gained Thorok as an ally
 24111 | D:15     | Gained Bogwald as an ally
 24147 | D:15     | Found a staircase to the Depths.
 24307 | D:15     | Found a glowing golden altar of the Shining One.
 24337 | D:15     | Gained Worak as an ally
 24428 | D:15     | Noticed Louise
 24429 | D:15     | Found Kaem's Distillery.
 24434 | D:15     | Killed Louise
 24945 | Snake:1  | Entered Level 1 of the Snake Pit
 24956 | Snake:1  | Your ally Worak died
 24961 | Snake:1  | Gained Bladwarg as an ally
 24962 | Snake:1  | Reached XP level 16. HP: 108/149 MP: 19/19
 25022 | Snake:1  | Gained Gorg as an ally
 25175 | Snake:1  | Noticed Frances
 25185 | Snake:1  | Killed Frances
 25202 | Snake:1  | Noticed Aizul
 25218 | Snake:1  | Killed Aizul
 25291 | Snake:1  | Noticed Kirke
 25302 | Snake:1  | Killed Kirke
 25428 | Snake:1  | Found Ekhiqyuq's Firing Range.
 25763 | Snake:2  | Your ally Horkud died
 25764 | Snake:2  | Reached skill level 15 in Shields
 25764 | Snake:2  | Found Kofuh's Book Emporium.
 27445 | Snake:2  | Acquired a manual of Shields
 28293 | Snake:3  | Found a transporter.
 28307 | Snake:3  | Found a transporter.
 28324 | Snake:3  | Noticed Tamablel's ghost (adept DsBe)
 28327 | Snake:3  | Found a transporter.
 28422 | Snake:3  | Found Ysyluto's Assorted Antiques.
 28430 | Snake:3  | Bought a scroll of enchant weapon for 232 gold pieces
 28907 | Snake:3  | Found a transporter.
 29185 | Snake:3  | Reached skill level 16 in Shields
 29416 | Snake:4  | Entered Level 4 of the Snake Pit
 30011 | Snake:4  | Found Caddon's Specific Store.
 30015 | Snake:4  | Found Diezeqen's General Store.
 30021 | Snake:4  | Reached XP level 17. HP: 159/159 MP: 20/20
 30052 | Snake:4  | Your ally Arkwar died
 30337 | Snake:4  | Reached skill level 17 in Shields
 30341 | Snake:4  | Reached skill level 15 in Armour
 30365 | Snake:4  | Gained Ogrik as an ally
 30379 | Snake:4  | Your ally Garbold died
 30382 | Snake:4  | Your ally Borgk died
 30384 | Snake:4  | Your ally Hawl died
 30387 | Snake:4  | Your ally Bladwarg died
 30387 | Snake:4  | Your ally Wardok died
 30393 | Snake:4  | Your ally Thorok died
 30394 | Snake:4  | Your ally Gorg died
 30401 | Snake:4  | Your ally Ogrik died
 30646 | Snake:4  | Reached skill level 18 in Shields
 30656 | Snake:4  | Got a serpentine rune of Zot
 30982 | Vaults:1 | Entered Level 1 of the Vaults
 31185 | Vaults:1 | Noticed a lich
 31187 | Vaults:1 | Killed a lich
 32410 | Vaults:2 | Reached skill level 19 in Shields
 32545 | Vaults:2 | Found a staircase to the Crypt.
 32832 | Vaults:2 | Reached XP level 18. HP: 170/170 MP: 21/21
 35173 | Vaults:3 | Gained Bogbarth as an ally
 35594 | Vaults:3 | Reached skill level 20 in Shields
 36364 | Vaults:4 | Found Ofiasam's Distillery.
 36612 | Vaults:4 | Bought a potion of haste for 120 gold pieces
 36612 | Vaults:4 | Bought a potion of curing for 36 gold pieces
 36612 | Vaults:4 | Bought a potion of mutation for 96 gold pieces
 36612 | Vaults:4 | Bought a potion of mutation for 96 gold pieces
 36612 | Vaults:4 | Bought a potion of curing for 36 gold pieces
 36612 | Vaults:4 | Bought a potion of curing for 36 gold pieces
 36625 | Vaults:4 | Found Noniro's Assorted Antiques.
 36636 | Vaults:4 | Bought a scroll of enchant weapon for 240 gold pieces
 36663 | Vaults:4 | Reached XP level 19. HP: 179/179 MP: 22/22
 37237 | Vaults:4 | Found Jidut's Weapon Emporium.
 37427 | Vaults:4 | Found a runed translucent door.
 37427 | Vaults:4 | Found a shimmering altar of Xom.
 37427 | Vaults:4 | Identified the +12 morningstar of Hacking and Slashing
                  | {chaos, +Blink rF+ MP+9 Str-2}
 37427 | Vaults:4 | Noticed Lukheov's ghost (veteran DrWn)
 38131 | Shoals:1 | Entered Level 1 of the Shoals
 38248 | Shoals:1 | Gained Boderik as an ally
 38441 | Shoals:1 | Identified the +7 flail of Tizih {vamp, rElec Will+}
 39320 | Shoals:2 | Reached skill level 10 in Dodging
 40407 | Shoals:3 | Noticed Polyphemus
 40421 | Shoals:3 | Killed Polyphemus
 40436 | Shoals:3 | Reached skill level 21 in Shields
 40789 | Shoals:3 | Found Saonatti's Gadget Gallery.
 41280 | Shoals:4 | Entered Level 4 of the Shoals
 41347 | Shoals:4 | Identified the +5 scythe of Entrepreneurial Spirit
                  | {protect, +Rage Int+3 Stlth+}
 41462 | Shoals:4 | Noticed Ilsuiw
 41622 | Shoals:4 | Reached XP level 20. HP: 145/189 MP: 23/23
 41646 | Shoals:4 | Killed Ilsuiw
 41696 | Shoals:4 | Identified the ring "Obidagy" {rC+ Int+2}
 41949 | Shoals:4 | Cast into level 2 of the Abyss (merfolk impaler)
 42083 | Shoals:4 | Escaped the Abyss
 42770 | Shoals:4 | Got a barnacled rune of Zot
 43225 | Vaults:5 | Entered Level 5 of the Vaults
 43229 | Vaults:5 | Your ally Boderik died
 43235 | Vaults:5 | Your ally Hawl died
 43238 | Vaults:5 | Your ally Bogbarth died
 43266 | Vaults:5 | Reached skill level 22 in Shields
 44167 | Vaults:5 | Noticed a Tzitzimitl
 44456 | Vaults:5 | Noticed a golden dragon
 44462 | Vaults:5 | Reached XP level 21. HP: 171/199 MP: 24/24
 44474 | Vaults:5 | Killed a golden dragon
 44491 | Vaults:5 | Your ally Bogwik died
 44494 | Vaults:5 | Your ally Bogwald died
 44495 | Vaults:5 | Your ally Worak died
 44495 | Vaults:5 | Your ally Bogbarth died
 44653 | Vaults:5 | Noticed a golden dragon
 44682 | Vaults:5 | Your ally Bogwik died
 44762 | Vaults:5 | Killed a golden dragon
 44812 | Vaults:5 | Noticed a dread lich
 44828 | Vaults:5 | Killed a dread lich
 44835 | Vaults:5 | Noticed a golden dragon
 44845 | Vaults:5 | Killed a golden dragon
 45346 | Vaults:5 | Reached skill level 23 in Shields
 45368 | Vaults:5 | Noticed an ancient lich
 45381 | Vaults:5 | Killed an ancient lich
 45387 | Vaults:5 | Gained Orgrim as an ally
 45404 | Vaults:5 | Identified the +8 chain mail "Ataop" {Harm rC- Int+4 SInv}
 45447 | Vaults:5 | Identified the +6 flail of the Lusting Madman {drain,
                  | Int+10}
 45457 | Vaults:5 | Got a silver rune of Zot
 45469 | Vaults:5 | Identified the +9 morningstar of Qazlal's Condemnation
                  | {freeze, +Rage Str+5 SInv}
 45484 | Vaults:5 | Identified the +1 chain mail of Resilience {Contam rN+
                  | Stlth+}
 45859 | Depths:1 | Entered Level 1 of the Depths
 46153 | Depths:1 | Found a runed translucent gate.
 46153 | Depths:1 | Found a runed translucent gate.
 46153 | Depths:1 | Found a runed translucent gate.
 46161 | Depths:1 | Found a basalt altar of Yredelemnul.
 46409 | Depths:1 | Found Eqeocw's Book Emporium.
 46409 | Depths:1 | Found Noer's Jewellery Shop.
 46410 | Depths:1 | Found Yblaic's Jewellery Shop.
 46483 | Depths:1 | Noticed Ymeigun's ghost (adept DgFE)
 47128 | Depths:1 | Found a gateway to Hell.
 47422 | Depths:1 | Reached XP level 22. HP: 209/209 MP: 25/25
 47940 | Depths:2 | Noticed Nikola
 47958 | Depths:2 | Killed Nikola
 48036 | Depths:2 | Noticed a caustic shrike
 48047 | Depths:2 | Killed a caustic shrike
 48654 | Depths:2 | Noticed an ancient lich
 48661 | Depths:2 | Identified the ring of Yduitzyo {MP+9 Str+2}
 48667 | Depths:2 | Killed an ancient lich
 48956 | Depths:2 | Reached skill level 24 in Shields
 49549 | Depths:3 | Noticed a golden dragon
 49553 | Depths:3 | Killed a golden dragon
 49554 | Depths:3 | Noticed a caustic shrike
 49574 | Depths:3 | Killed a caustic shrike
 49575 | Depths:3 | Noticed a caustic shrike
 49575 | Depths:3 | Noticed a caustic shrike
 49575 | Depths:3 | Noticed a caustic shrike
 49594 | Depths:3 | Killed a caustic shrike
 49602 | Depths:3 | Killed a caustic shrike
 49603 | Depths:3 | Reached XP level 23. HP: 189/220 MP: 26/26
 49619 | Depths:3 | Killed a caustic shrike
 49637 | Depths:3 | Your ally Orgrim died
 51080 | Depths:3 | Found a one-way gate leading to the halls of Pandemonium.
 51090 | Depths:3 | Gained Orkrul as an ally
 51412 | Depths:4 | Found Omiwno's Distillery.
 51428 | Depths:4 | Bought 3 potions of curing for 171 gold pieces
 51428 | Depths:4 | Bought a potion of heal wounds for 95 gold pieces
 51428 | Depths:4 | Bought a potion of invisibility for 152 gold pieces
 51428 | Depths:4 | Bought a potion of haste for 190 gold pieces
 51428 | Depths:4 | Bought a potion of mutation for 152 gold pieces
 51428 | Depths:4 | Bought a potion of curing for 57 gold pieces
 51485 | Depths:4 | Found a one-way gate to the infinite horrors of the Abyss.
 51554 | Depths:4 | Reached skill level 25 in Shields
 51561 | Depths:4 | Identified the +0 chain mail of Context {Rampage rF+ rC+}
 52177 | Depths:5 | Entered Level 5 of the Depths
 52177 | Depths:5 | Noticed Margery
 52191 | Depths:5 | Killed Margery
 52266 | Depths:5 | Reached XP level 24. HP: 230/231 MP: 26/26
 52390 | Depths:5 | Found a gateway to a ziggurat.
 52462 | Depths:5 | Gained Harm as an ally
 52982 | Depths:5 | Your ally Orkrul died
 52985 | Depths:5 | Found a gate to the Realm of Zot.
 53001 | Depths:5 | Your ally Harm died
 53473 | Depths:5 | Noticed the Enchantress
 53494 | Depths:5 | Killed the Enchantress
 54055 | Zot:1    | Entered Level 1 of the Realm of Zot
 54159 | Zot:1    | Noticed an orb of fire
 54163 | Zot:1    | Gained mutation: You occasionally shout uncontrollably at
                  | your foes. [an orb of fire]
 54169 | Zot:1    | Killed an orb of fire
 54545 | Zot:1    | Your ally Orkrul died
 56788 | Zot:2    | Noticed a Killer Klown
 56804 | Zot:2    | Noticed an orb of fire
 56806 | Zot:2    | Reached XP level 25. HP: 202/240 MP: 26/26
 56807 | Zot:2    | Killed a Killer Klown
 56812 | Zot:2    | Gained mutation: You have a pair of small horns on your
                  | head. [an orb of fire]
 56816 | Zot:2    | Gained mutation: You have sharp toenails. [an orb of fire]
 56827 | Zot:2    | Your ally Orgrim died
 56833 | Zot:2    | HP: 6/240 [green draconian (19)]
 56833 | Zot:2    | Slain by a fire dragon

Illustrated notes

Levels and vault maps discovered:
D:1:      dpeg_arrival_court, layout_basic, minmay_crystal_water,
          minmay_tetromino_s2
D:2:      layout_loops_ring, ebering_ecumenical_altar_rust, serial_shops, shop
D:3:      layout_loops_cross, minmay_misc_feat_pillars, minmay_misc_feat_roman,
          st_stairs_4
D:4:      layout_loops_cross, temple_pool_b, uniq_natasha, uniq_sigmund,
          uniq_eustachio
D:5:      layout_loops_ring, minmay_diced_spiral
D:6:      minmay_spotlight, layout_rooms, nicolae_overflow_hidden_temple,
          abandoned_shop, minmay_misc_feat_nine_boxes, uniq_edmund
D:7:      lemuel_ratsnest, layout_basic, serial_shops, nicolae_lakefront_shop,
          nicolae_shop_trees, due_unseen_surprise
D:8:      layout_basic, dpeg_oklobed_lair, uniq_pikel, uniq_joseph, uniq_grum
D:9:      layout_irregular_city, serial_park_tiny_1
D:10:     layout_long_grid, roderic_nine_men_s_morris, uniq_fannar
D:11:     lemuel_ice_spiral_2, layout_stronghold, david_orc_2
D:12:     layout_layer_cave, lemuel_flamethrower_3
D:13:     layout_gridville, enter_bailey_3, st_stairs_8, minmay_shop_mass,
          vehumet_statue, uniq_azrael, uniq_jorgrun
D:14:     layout_gridville, david_vaults_1, serial_glass, glass_columns_a,
          glass_columns_a, glass_columns_a, glass_columns_a, uniq_josephine
D:15:     hangedman_depths_entry_civil_slaughter, layout_loops_ring,
          nicolae_tso_swordbearing_angel, serial_shops, shop,
          kennysheep_vampire_church, uniq_louise, uniq_rupert
Lair:1:   wad_woods_structure_01, layout_layer_cave
Lair:2:   layout_roguey, elwin_shoals_entry_stream,
          minmay_snake_entry_guardpost_small, minivault_26
Lair:3:   lemuel_reptile_caves, layout_gridlike
Lair:4:   layout_misc_corridors, minmay_holes, serial_bayou_pond_e,
          serial_bayou_shore_b
Lair:5:   layout_loops_ring, slime_altar_1, serial_bayou_lagoon_b,
          minmay_lair_oklob_chamber
Lair:6:   hangedman_lair_caniforms_friends, layout_misc_corridors,
          guppyfry_lair_end_dragon, gammafunk_ghost_wrathful_warriors,
          lemuel_fruit_tree
Shoals:1: layout_shoals, nicolae_shoals_lost_giant_pillars
Shoals:2: layout_shoals
Shoals:3: layout_shoals, nicolae_shop_gadgets, uniq_polyphemus
Shoals:4: shoals_end_simple, layout_shoals, shoals_ilsuiw_ice,
          nicolae_shoals_seven_spires
Snake:1:  layout_onion, nicolae_shop_firing_range, uniq_frances, uniq_kirke,
          uniq_aizul
Snake:2:  layout_chambers, serial_shops, nicolae_diamond_shop
Snake:3:  gammafunk_its_a_trap, layout_layer_cave, gammafunk_ghost_arena,
          serial_shops, shop_fountains
Snake:4:  grunt_snake_rune_serpentine_throne, layout_chambers, st_stairs_2,
          nicolae_specific_store, grunt_megastairs_3, uniq_saint_roka
Orc:1:    layout_caves, kennysheep_orc_sif_temple, uniq_maurice
Orc:2:    st_orc_town, layout_caves, nicolae_volcano_entry_s_turn,
          nicolae_orc_damp_corner, uniq_erolcha
Vaults:1: nicolae_vaults_alarming, v_alt_pattern_5, nicolae_vaults_back_hallway,
          nicolae_vaults_big_angled_halls, v_misc_11, v_rooms_2,
          vaults_dpeg_encased_lava, v_misc_3, v_misc_32,
          ontoclasm_vaults_gateway, layout_vaults_omnibox
Vaults:2: ontoclasm_vaults_ring_small, nicolae_vaults_network_periphery,
          nicolae_vaults_ring_of_whatevers, minmay_crypt_entry_simple_round,
          nicolae_vaults_diagonal_hallway_9, ontoclasm_vaults_ligature,
          grunt_vaults_diagonal, layout_vaults_quadrants
Vaults:3: v_pattern_2, nicolae_vaults_disjoint_gnomons, v_misc_10,
          grunt_vaults_swirl, v_misc_1, hangedman_vaults_nails,
          ontoclasm_vaults_claustrophobia, st_eye, layout_vaults_maze_bifur
Vaults:4: ebering_vaults_ghost_xom, nicolae_vaults_ring_of_whatevers,
          nicolae_vaults_ring_of_whatevers, ontoclasm_vaults_ring_square,
          nicolae_vaults_three_branches, vaults_room_corners, v_misc_12,
          nicolae_vaults_little_squares_3, nicolae_vaults_little_squares_1,
          layout_vaults_big_room, serial_shops, nicolae_square_shop,
          nicolae_shop_statue_plus, nicolae_lakefront_shop
Vaults:5: serial_shops
Depths:1: layout_cave_shapes, gammafunk_ghost_icy, grunt_hell_entry_dis_mu,
          yredelemnul_altar_generic, kennysheep_just_a_vault, minmay_shop_grove,
          serial_bayou_shore_a
Depths:2: hangedman_pleasuredromes, hell_entry, uniq_nikola
Depths:3: grunt_deathspiral_small, layout_gridlike, minmay_stone_trees_large,
          pf_hell_entry_tar_spiral, grunt_pan_entry_in_and_out,
          infiniplex_staircase_split_hallway
Depths:4: kennysheep_water_balloons, layout_long_grid, abyss_entry,
          lightli_too_deep, dk_noncrumbling_4, rand_demon_pan_entry_8,
          minmay_shop_star
Depths:5: grunt_zot_entry_pinwheel, layout_long_grid, enter_ziggurat_a,
          rand_demon_pan_entry_9, hell_entry, uniq_enchantress, uniq_margery
Zot:1:    layout_cathedral_of_symmetry
Zot:2:    grunt_zot_stairs_mandelzot, layout_twisted_circle, grunt_megastairs_2

Skill      XL: |  1  2  3  4  5  6  7  8  9 10 11 12 13 14 15 16 17 18 19 20 21 22 23 24 |
---------------+-------------------------------------------------------------------------+-----
Axes           | 3 4 5 6 7 9 11 13 15 16 18 | 18.9
Armour         | 1 2 3 4 5 6 8 9 10 11 12 14 15 16 17 18 19 20 21 | 21.1
Fighting       | 4 5 6 7 8 9 10 12 13 14 15 16 17 18 19 20 21 22 | 22.9
Shields        | 1 2 3 4 6 9 12 14 16 19 20 21 22 23 24 25 | 25.0
Invocations    | 1 4 |  4.0
Dodging        | 2 4 5 7 8 9 10 11 12 13 14 | 14.8
Stealth        | |  4.1

Action                   |  1- 3 |  4- 6 |  7- 9 | 10-12 | 13-15 | 16-18 | 19-21 | 22-24 | 25-27 || total
-------------------------+-------+-------+-------+-------+-------+-------+-------+-------+-------++-------
Melee: Hand axe          |   130 |   288 |   266 |       |       |       |       |       |       ||   684
       War axe           |       |       |   122 |   386 |   756 |   710 |    62 |     2 |       ||  2038
       Broad axe         |       |       |       |       |   104 |    82 |  1001 |  1214 |    16 ||  2417
       Headbutt          |       |       |       |       |       |       |       |       |     2 ||     2
Invok: Convert to Beogh  |       |     1 |       |       |       |       |       |       |       ||     1
       Recall Orcish Fol |       |       |       |     7 |    25 |    12 |     3 |     2 |       ||    49
       Resurrection      |       |       |       |       |     4 |     3 |     2 |     3 |       ||    12
       Give Item to Name |       |       |       |       |     2 |     4 |     2 |     2 |       ||    10
       Stop Recall       |       |       |       |       |     1 |       |       |       |       ||     1
  Use: Potion            |     1 |     1 |       |     3 |     3 |     4 |     1 |       |     3 ||    16
       Scroll            |       |       |     8 |     4 |    19 |     8 |     6 |     1 |     1 ||    47
 Stab: Sleeping          |     2 |     5 |       |       |       |       |       |       |       ||     7
       Distracted        |       |       |       |     1 |    15 |    14 |    10 |    20 |     1 ||    61
       Confused          |       |       |       |     2 |       |       |       |       |       ||     2
       Petrified         |       |       |       |       |       |       |     2 |       |       ||     2
Armor: Ring mail         |    68 |    73 |       |       |       |       |       |       |       ||   141
       Chain mail        |       |    63 |   229 |   143 |   393 |   164 |   315 |   281 |    23 ||  1611
Dodge: Dodged            |    64 |   124 |   125 |   206 |   270 |   120 |   257 |   241 |    16 ||  1423
Block: Buckler           |    11 |    54 |    75 |    71 |   242 |       |       |       |       ||   453
       Reflection        |       |       |       |       |    11 |   125 |   119 |    11 |     1 ||   267
       Kite shield       |       |       |       |       |   210 |   153 |       |       |       ||   363
       Tower shield      |       |       |       |       |       |   827 |  1435 |  1337 |    56 ||  3655

Table legend: (Time is in decaauts)
 A = Elapsed time spent in this place.
 B = Non-inter-level travel time spent in this place.
 C = Inter-level travel time spent in this place.
 D = Time resting spent in this place.
 E = Time spent auto-exploring this place.
 F = Levels seen in this place.
 G = Mean time per level.
                   A        B        C        D        E       F      G
               +--------+--------+--------+--------+--------+-----+--------+
         Total |  55877 |  50095 |   5782 |   8220 |  26996 |  47 | 1188.9 |
       Dungeon |  17628 |  14938 |   2690 |   1050 |   9198 |  15 | 1175.2 |
          Lair |   6394 |   5733 |    661 |    482 |   3571 |   6 | 1065.7 |
        Shoals |   4452 |   4214 |    238 |    654 |   2285 |   4 | 1113.0 |
     Snake Pit |   5965 |   5301 |    664 |   1485 |   2032 |   4 | 1491.2 |
  Orcish Mines |   1456 |   1244 |    212 |      0 |    662 |   2 |  728.0 |
        Vaults |   9167 |   8279 |    888 |   2255 |   3818 |   5 | 1833.4 |
        Depths |   7366 |   6980 |    386 |   1428 |   3856 |   5 | 1473.2 |
           Zot |   2694 |   2651 |     43 |    829 |   1451 |   2 | 1347.0 |
         Abyss |    127 |    127 |      0 |      0 |     69 |   2 |   63.5 |
        Bailey |    435 |    435 |      0 |     36 |     53 |   1 |  435.0 |
       Volcano |    189 |    189 |      0 |      0 |      0 |   1 |  189.0 |
               +--------+--------+--------+--------+--------+-----+--------+

Top non-repeatable levels by time:
Vaults:5: 2623 daAuts
 Snake:2: 2407 daAuts
     D:3: 2316 daAuts
     D:2: 1931 daAuts
Vaults:3: 1859 daAuts
Depths:3: 1717 daAuts
Depths:5: 1707 daAuts
  Lair:1: 1608 daAuts
   Zot:1: 1604 daAuts
Vaults:4: 1593 daAuts
Vaults:1: 1557 daAuts
Vaults:2: 1532 daAuts
Depths:2: 1508 daAuts
Depths:1: 1458 daAuts
    D:11: 1422 daAuts
